 Dungeon Crawl Stone Soup version 0.17-a0-1442-g10bb59b (webtiles) character file.

112803 panicbit the Severer (level 16, -6/149 HPs)
             Began as a Minotaur Fighter on June 27, 2015.
             Was the Champion of Okawaru.
             Killed from afar by Nikola (25 damage)
             ... with a chain lightning
             ... on level 1 of the Elven Halls on June 28, 2015.
             The game lasted 02:14:44 (26648 turns).

panicbit the Severer (Minotaur Fighter)            Turns: 26648, Time: 02:14:46

Health: -6/149     AC: 42    Str: 38    XL:     16   Next: 12%
Magic:  16/16      EV: 20    Int:  5    God:    Okawaru [******]
Gold:   2130       SH: 33    Dex: 15    Spells: 0 memorised, 15 levels left

rFire  . . .     SeeInvis .     L - +9 war axe (flame)
rCold  . . .     Clarity  .     v - +1 crystal plate armour
rNeg   . . .     SustAt   .     K - +5 large shield
rPois  .         Gourm    .     U - +2 hat
rElec  .         Spirit   .     E - +2 cloak {MR+}
rCorr  .         Warding  .     Y - +0 pair of gloves
rMut   .         Stasis   .     R - +2 pair of boots {Fly}
MR     ++...                    (no amulet)
Stlth  ..........               W - +5 ring of strength
                                c - +5 ring of protection

@: mighty, agile, heroism, flying, studying Throwing, very resistant to hostile
enchantments, extremely unstealthy
A: retaliatory headbutt, horns 2, screaming 1
a: Heroism, Finesse, Renounce Religion, Stop Flying


You were on level 1 of the Elven Halls.
You worshipped Okawaru.
Okawaru was exalted by your worship.
You were not hungry.

You visited 5 branches of the dungeon, and saw 29 of its levels.
You also visited: Labyrinth.

You collected 3218 gold pieces.
You spent 1088 gold pieces at shops.

Inventory:

Hand weapons
 L - a +9 war axe of flaming (weapon)
 Q - a +2 executioner's axe of venom
Armour
 v - a +1 crystal plate armour (worn)
 E - a +2 cloak of magic resistance (worn)
 K - a +5 large shield (worn)
 R - a +2 pair of boots of flying (worn)
 U - a +2 hat (worn)
 Y - a +0 pair of gloves (worn)
Jewellery
 c - a +5 ring of protection (left hand)
 k - an uncursed ring of see invisible
 x - an uncursed ring of protection from fire
 N - an uncursed ring of stealth
 W - a +5 ring of strength (right hand)
Magical devices
 H - a wand of fireball (7)
 I - a wand of slowing (28)
Scrolls
 f - 10 scrolls of teleportation
 m - a scroll of vulnerability {unknown}
 q - 5 scrolls of blinking
 r - 2 scrolls of random uselessness {unknown}
 s - 5 scrolls of fog
 y - 5 scrolls of fear
 A - 11 scrolls of magic mapping
 C - a scroll of identify
 F - a scroll of amnesia {unknown}
 J - 2 scrolls of recharging
 M - 4 scrolls of remove curse
 T - 2 scrolls of silence
 V - a scroll of torment {unknown}
 X - a scroll of holy word
Potions
 a - a potion of resistance {unknown}
 b - 10 potions of poison {unknown}
 d - 8 potions of might
 i - 12 potions of curing
 l - 4 potions of degeneration {unknown}
 n - 4 potions of brilliance
 o - 3 potions of flight
 p - 5 potions of haste
 t - 4 potions of invisibility
 w - 3 potions of heal wounds
 D - 2 potions of cancellation {unknown}
 G - a potion of magic {unknown}
 O - a potion of beneficial mutation {unknown}
 S - 3 potions of agility
 Z - 2 potions of lignification {unknown}
Books
 j - a manual of Throwing
Comestibles
 e - 12 bread rations
 g - 7 royal jellies
 h - 11 beef jerkies
 u - 11 meat rations
 z - 9 fruits
 B - 9 slices of pizza
 P - 10 chunks of flesh


   Skills:
 + Level 15.0(20.0) Fighting
 + Level 18.6(23.7) Axes
   Level 2.0(17.7) Maces & Flails
 + Level 12.5(17.5) Armour
 + Level 8.1(13.1) Dodging
 + Level 2.3(7.3) Stealth
 + Level 18.3(23.3) Shields
 + Level 2.0 Invocations


You had 15 spell levels left.
You didn't know any spells.

Dungeon Overview and Level Annotations

Branches:
Dungeon (15/15)            Temple (1/1) D:4            Lair (8/8) D:8
  Swamp (0/4) Lair:4        Snake (0/4) Lair:4        Slime (0/6) Lair:8
    Orc (4/4) D:9             Elf (1/3) Orc:4        Vaults (0/5) D:14
 Depths (0/5) D:15

Altars:
Ashenzari
Cheibriados
Dithmenos
Elyvilon
Fedhas
Gozag
Kikubaaqudgha
Makhleb
Nemelex Xobeh
Okawaru
Qazlal
Ru
Sif Muna
Trog
Vehumet
Xom
Yredelemnul
Zin
The Shining One

Shops:
D:15 =}:(   Orc:4 }!}![

Portals:
Hell: Lair:8
Pandemonium: Orc:4
Trove: D:11 (give 2 scrolls of acquirement)

Annotations:
D:10 exclusion: orange crystal statue
Lair:8 exclusion: 2 oklob plants
Elf:1 Nikola


Innate Abilities, Weirdness & Mutations

You reflexively headbutt those who attack you in melee.
You have a pair of horns on your head.
You occasionally shout uncontrollably at your foes.


Message History

A deep elf priest comes into view. It is wielding a long sword.
Nikola gestures wildly while chanting.
Nikola blinks!
The deep elf priest utters a dark prayer and points at you.
Your life force is offered up.
The deep elf priest utters a dark prayer and points at you.
Your life force is offered up.
The deep elf priest utters a dark prayer and points at you.
Your life force is offered up.
* * * LOW HITPOINT WARNING * * *
Drink which item? (? for menu, Esc to quit)
You feel much better.
Nikola casts a spell.
You hear a mighty clap of thunder!
The lightning arc hits you!
* * * LOW HITPOINT WARNING * * *
The lightning arc hits Nikola.
The lightning arc hits you!
* * * LOW HITPOINT WARNING * * *
The lightning arc hits Nikola.
The lightning arc hits you!
You die...

###..../......#
..########(.)#######
#...........).)....#####
.......####.##..)......#
........###.##.###.....#
............##.#..##......
.....@....####.#....##....
.........## #.#......##..
........######@#..#.....#.
#..............#........#
##.............###'###...
#....(....@....# e ...
.###.##.######.# .e .. ##
#.# #e# ..# #.# #.## #.#
#. #.....#


You could see Nikola and a deep elf priest.

Vanquished Creatures
  Frances (D:14)
  Kirke (D:14)
  A deep elf sorcerer (Elf:1)
  3 dire elephants (Lair:8)
  3 ettins
  Snorg (Lair:3)
  A minotaur (Lab)
  An ogre mage (D:15)
  A naga warrior (Lair:4)
  A rakshasa (D:15)
  5 hydras
  A hell beast (Lair:8)
  Erica (Orc:1)
  A catoblepas (Lair:2)
  3 centaur warriors
  7 orc high priests
  3 death yaks (Lair:7)
  A sun demon (Orc:4)
  Nergalle (Lair:4)
  3 unseen horrors
  An infernal demonspawn (Orc:4)
  3 deep elf knights
  An unseen horror (shapeshifter) (D:12)
  A deep elf summoner (Elf:1)
  A gelid demonspawn (Orc:4)
  A hill giant (shapeshifter) (D:15)
  3 wizards
  6 hill giants
  A wolf spider zombie (D:15)
  A lindwurm (Lair:8)
  5 orc knights
  5 orc sorcerers (Orc:4)
  4 ugly things
  3 manticores
  A wolf spider (D:15)
  3 griffons
  8 elephants
  5 cyclopes
  6 black mambas
  2 centaur zombies
  Maurice (D:12)
  A guardian serpent (D:14)
  A sixfirhy (Orc:4)
  A black mamba (shapeshifter) (D:14)
  2 gargoyles
  3 fire drakes
  5 orange demons
  A centaur skeleton (D:15)
  A rust devil (Orc:4)
  10 spiny frogs
  A hellwing (Lair:8)
  4 red devils
  13 komodo dragons
  2 blue devils (Lair:8)
  A queen bee (D:8)
  7 trolls
  A harpy zombie (D:15)
  2 polar bears
  2 two-headed ogres (D:15)
  19 blink frogs
  Prince Ribbit (D:7)
  11 slime creatures
  A wind drake (shapeshifter) (D:14)
  A trapdoor spider zombie (D:15)
  A trapdoor spider (D:15)
  A hill giant zombie (D:9)
  A shadow (D:12)
  4 wyverns
  14 deep elf magi
  9 deep elf fighters (Elf:1)
  56 yaks
  5 wraiths
  3 hogs (D:14)
  A tarantella (shapeshifter) (D:13)
  A ynoxinul (Orc:4)
  A human (shapeshifter) (D:15)
  4 hungry ghosts
  4 basilisks
  4 nagas (Lair:4)
  15 hippogriffs
  6 vampire mosquitoes
  Menkaure (D:6)
  A harpy simulacrum (D:15)
  3 wargs
  3 wolves (Lair:1)
  15 porcupines
  2 soldier ants (D:15)
  Edmund (D:5)
  2 hell hounds (Lair:8)
  13 water moccasins
  3 ice beasts
  30 orc warriors
  A black bear (D:10)
  17 ogres
  A necrophage (D:11)
  A swamp drake (Orc:3)
  20 centaurs
  4 phantoms
  A boggart (Elf:1)
  A brain worm (D:15)
  11 crocodiles
  4 big kobolds
  19 giant frogs
  A wyvern zombie (D:10)
  A troll zombie (D:9)
  3 jellies
  37 killer bees
  3 scorpions
  5 wights (D:13)
  7 hounds
  4 crimson imps
  3 giant frog zombies
  A quasit (D:9)
  4 lava snakes (Lab)
  35 orc priests
  Crazy Yiuf (D:7)
  Ijyb (D:3)
  34 orc wizards
  2 giant frog skeletons
  9 iguanas
  Natasha (thrice) (D:2)
  6 hell rats (Lair:5)
  An iron imp (Orc:3)
  13 sheep
  4 ogre zombies (D:9)
  3 worker ants
  A killer bee zombie (D:11)
  2 hound skeletons
  A worker ant zombie (D:8)
  10 gnolls
  2 shadow imps
  A white imp (Orc:3)
  9 adders
  39 river rats
  An adder skeleton (D:3)
  An ooze (D:1)
  3 worms
  182 orcs
  19 bats
  3 bat skeletons
  6 giant cockroaches
  22 goblins
  17 hobgoblins
  8 jackals
  3 quokkas
  2 ball pythons
  3 giant geckos
  10 giant newts
  2 goblin skeletons (D:9)
  2 goblin zombies (D:9)
  A hobgoblin skeleton (D:9)
  4 hobgoblin zombies (D:9)
  33 kobolds
  2 kobold skeletons (D:9)
  2 kobold zombies (D:9)
  4 orc skeletons (D:9)
  15 orc zombies (D:9)
  A quokka skeleton (D:7)
  14 rats
  13 fungi
  2 plants
1098 creatures vanquished.

Vanquished Creatures (others)
  A centaur skeleton (D:14)
  3 humans (D:14)
  A deep elf fighter (Elf:1)
  An orc (Orc:3)
  3 fungi
  2 plants
11 creatures vanquished.

Grand Total: 1109 creatures vanquished

Notes
Turn   | Place    | Note
--------------------------------------------------------------
     0 | D:1      | panicbit the Minotaur Fighter began the quest for the Orb.
     0 | D:1      | Reached XP level 1. HP: 19/19 MP: 0/0
   200 | D:1      | Reached XP level 2. HP: 27/27 MP: 1/1
   560 | D:1      | Reached skill level 4 in Armour
   765 | D:2      | Found a sparkling altar of Nemelex Xobeh.
   769 | D:2      | Reached XP level 3. HP: 33/33 MP: 2/2
   941 | D:2      | Noticed Natasha
   953 | D:2      | Killed Natasha
   953 | D:2      | Reached XP level 4. HP: 18/40 MP: 3/3
  1280 | D:2      | Noticed Natasha
  1281 | D:2      | Found a shimmering altar of Xom.
  1283 | D:2      | Found an iron altar of Okawaru.
  1283 | D:2      | Found a blossoming altar of Fedhas.
  1285 | D:2      | Killed Natasha
  1383 | D:2      | Noticed Natasha
  1387 | D:2      | Killed Natasha
  1528 | D:3      | Reached skill level 1 in Dodging
  1601 | D:3      | Reached XP level 5. HP: 44/47 MP: 4/4
  1614 | D:3      | Noticed Ijyb
  1630 | D:3      | Killed Ijyb
  1862 | D:3      | Found a blossoming altar of Fedhas.
  2170 | D:4      | Reached skill level 5 in Fighting
  2170 | D:4      | Reached skill level 5 in Armour
  2289 | D:4      | Found a staircase to the Ecumenical Temple.
  2297 | Temple   | Entered the Ecumenical Temple
  2569 | D:4      | Reached skill level 5 in Shields
  2569 | D:4      | Reached XP level 6. HP: 53/56 MP: 5/5
  2705 | D:4      | Noticed an ogre
  2719 | D:4      | Killed an ogre
  2719 | D:4      | Reached skill level 1 in Stealth
  2880 | D:4      | Got an iridescent flail
  2881 | D:4      | Identified the cursed +2 flail of Responsibility {flame, *Contam +Inv rC+ Int+4} (You found it on level 4 of the Dungeon)
  3028 | D:4      | Reached XP level 7. HP: 55/61 MP: 6/6
  3062 | D:4      | Gained mutation: You occasionally shout uncontrollably at your foes. [mutagenic glow]
  3409 | D:5      | Entered Level 5 of the Dungeon
  3591 | D:5      | Noticed Edmund
  3615 | D:5      | Killed Edmund
  3615 | D:5      | Reached skill level 1 in Maces & Flails
  3615 | D:5      | Reached skill level 6 in Armour
  3739 | D:5      | Reached skill level 5 in Axes
  4210 | D:6      | Found a deep blue altar of Sif Muna.
  4319 | D:6      | Reached XP level 8. HP: 39/70 MP: 7/7
  4876 | D:6      | Noticed Menkaure
  4885 | D:6      | Killed Menkaure
  4885 | D:6      | Reached skill level 7 in Shields
  5282 | D:7      | Noticed Prince Ribbit
  5287 | D:7      | Killed Prince Ribbit
  5641 | D:7      | Reached XP level 9. HP: 34/78 MP: 8/8
  5673 | D:7      | Noticed Crazy Yiuf
  5678 | D:7      | Killed Crazy Yiuf
  6041 | D:8      | Found a white marble altar of Elyvilon.
  6058 | D:8      | Noticed an elephant
  6097 | D:8      | Killed an elephant
  6097 | D:8      | Reached skill level 8 in Axes
  6129 | D:8      | Reached skill level 9 in Shields
  6497 | D:8      | Found a staircase to the Lair.
  6834 | D:8      | Reached XP level 10. HP: 88/88 MP: 9/9
  6942 | D:9      | Found a staircase to the Orcish Mines.
  6968 | D:9      | Reached skill level 10 in Shields
  7356 | D:9      | Found a glowing golden altar of the Shining One.
  7869 | D:9      | Reached skill level 5 in Dodging
  7936 | D:9      | Found a shattered altar of Ashenzari.
  8011 | D:9      | Reached skill level 10 in Axes
  8303 | D:10     | Entered Level 10 of the Dungeon
  8705 | D:2      | Became a worshipper of Warmaster Okawaru
  9099 | D:10     | Reached skill level 11 in Shields
  9103 | D:10     | Acquired Okawaru's first power
  9257 | D:10     | Reached XP level 11. HP: 97/97 MP: 10/10
 10065 | D:11     | Found a portal to a secret trove of treasure.
 10085 | D:11     | Found a labyrinth entrance.
 10094 | Lab      | Entered a labyrinth
 10709 | Lab      | Noticed a minotaur
 10716 | Lab      | Killed a minotaur
 10721 | Lab      | Got a spiked ring mail
 10732 | Lab      | Identified the cursed +0 ring mail of the Snake Pit {rF+ rC+ rN+} (You took it off a minotaur in a labyrinth)
 10746 | Lab      | Identified a +1 pair of boots of running (You found it in a labyrinth)
 10767 | D:11     | Noticed a hill giant
 10775 | D:11     | Killed a hill giant
 10926 | D:11     | Reached skill level 12 in Shields
 11042 | D:11     | Noticed a hill giant
 11050 | D:11     | Killed a hill giant
 11201 | D:11     | Killed an unseen horror
 11201 | D:11     | Reached skill level 10 in Fighting
 11363 | D:12     | Noticed Maurice
 11380 | D:12     | Killed Maurice
 11479 | D:12     | Killed an unseen horror
 11479 | D:12     | Reached skill level 10 in Armour
 11531 | D:12     | Noticed an unseen horror
 11541 | D:12     | Killed an unseen horror
 11541 | D:12     | Reached XP level 12. HP: 48/106 MP: 11/11
 11559 | D:12     | Found a sacrificial altar of Ru.
 11833 | D:12     | Noticed a hill giant
 11842 | D:12     | Killed a hill giant
 11842 | D:12     | Acquired Okawaru's second power
 11842 | D:12     | Reached skill level 13 in Shields
 11911 | D:12     | Noticed a hill giant
 11928 | D:12     | Killed a hill giant
 12420 | D:13     | Noticed a centaur warrior
 12432 | D:13     | Killed a centaur warrior
 12432 | D:13     | Received a gift from Okawaru
 12563 | D:13     | Reached skill level 14 in Shields
 12790 | D:13     | Reached skill level 1 in Invocations
 13021 | D:14     | Noticed Kirke
 13023 | D:14     | Found a gate to the Vaults.
 13036 | D:14     | Killed Kirke
 13038 | D:14     | Noticed a stone giant
 13064 | D:14     | Reached XP level 13. HP: 65/116 MP: 12/12
 13659 | D:14     | Noticed Frances
 13668 | D:14     | Killed Frances
 13668 | D:14     | Received a gift from Okawaru
 13993 | D:15     | Entered Level 15 of the Dungeon
 13995 | D:15     | Found Goax's Jewellery Shop.
 14259 | D:15     | Noticed a tengu reaver
 14284 | D:15     | HP: 3/119 [tengu reaver/fireball (26)]
 14572 | D:15     | Found Ecuim's Gadget Emporium.
 14631 | D:15     | Found Roerpheu's Antique Weapon Shoppe.
 14657 | D:15     | Found Bekh's Book Boutique.
 14730 | D:15     | Reached skill level 15 in Shields
 14804 | D:15     | Received a gift from Okawaru
 14870 | D:15     | Found a staircase to the Depths.
 15428 | Lair:1   | Entered Level 1 of the Lair of Beasts
 15485 | Lair:1   | Reached skill level 15 in Axes
 15702 | Lair:1   | Reached XP level 14. HP: 127/127 MP: 14/14
 16711 | Lair:2   | Received a gift from Okawaru
 17329 | Lair:3   | Reached skill level 16 in Shields
 17400 | Lair:3   | Noticed Snorg
 17412 | Lair:3   | Killed Snorg
 18325 | Lair:4   | Received a gift from Okawaru
 18519 | Lair:4   | Found a staircase to the Snake Pit.
 18527 | Lair:4   | Noticed Nergalle
 18541 | Lair:4   | Killed Nergalle
 18716 | Lair:4   | Found a staircase to the Swamp.
 20093 | Lair:6   | Got a blackened chain mail
 20154 | Lair:6   | Identified the +7 chain mail "Hesurch" {rN+ Str-5 Dex+5} (You found it on level 6 of the Lair of Beasts)
 21140 | Lair:7   | Received a gift from Okawaru
 21282 | Lair:7   | Reached XP level 15. HP: 130/137 MP: 15/15
 21675 | Lair:8   | Entered Level 8 of the Lair of Beasts
 21693 | Lair:8   | Reached skill level 17 in Shields
 21933 | Lair:8   | Found a burning altar of Makhleb.
 21948 | Lair:8   | Found a staircase to the Slime Pits.
 22660 | Lair:8   | Found a gateway to Hell.
 23133 | Orc:1    | Entered Level 1 of the Orcish Mines
 23568 | Orc:1    | Noticed Erica
 23576 | Orc:1    | Killed Erica
 23822 | Orc:2    | Received a gift from Okawaru
 24793 | Orc:4    | Entered Level 4 of the Orcish Mines
 25026 | Orc:4    | Found Jureifom's Gadget Shop.
 25379 | Orc:4    | Found a staircase to the Elven Halls.
 25532 | Orc:4    | Found Cokiog's Distillery.
 25537 | Orc:4    | Found Ogoycyer's Distillery.
 25557 | Orc:4    | Reached skill level 18 in Axes
 25609 | Orc:4    | Received a gift from Okawaru
 25633 | Orc:4    | Bought a potion of heal wounds for 75 gold pieces
 25633 | Orc:4    | Bought a potion of heal wounds for 75 gold pieces
 25633 | Orc:4    | Bought a potion of haste for 150 gold pieces
 25633 | Orc:4    | Bought 2 potions of curing for 90 gold pieces
 25633 | Orc:4    | Bought a potion of curing for 45 gold pieces
 25633 | Orc:4    | Bought a potion of might for 60 gold pieces
 25633 | Orc:4    | Bought a potion of might for 60 gold pieces
 25635 | Orc:4    | Bought a potion of invisibility for 104 gold pieces
 25635 | Orc:4    | Bought a potion of haste for 130 gold pieces
 25635 | Orc:4    | Bought a potion of curing for 39 gold pieces
 25635 | Orc:4    | Bought 2 potions of haste for 260 gold pieces
 26163 | Orc:4    | Paralysed by an orc sorcerer for 2 turns
 26287 | Orc:4    | Found Xuymm's Antique Armour Shoppe.
 26287 | Orc:4    | Found Hygruuf's Gadget Emporium.
 26287 | Orc:4    | Found a one-way gate leading to the halls of Pandemonium.
 26446 | Elf:1    | Entered Level 1 of the Elven Halls
 26467 | Elf:1    | Reached XP level 16. HP: 147/147 MP: 16/16
 26501 | Elf:1    | Reached skill level 15 in Fighting
 26620 | Elf:1    | Noticed Nikola
 26648 | Elf:1    | Killed from afar by Nikola

Vault maps used:
D:1:      minmay_arrival_loop
D:2:      nemelex_xobeh_ov_fountains_minmay, grunt_temple_overflow_diamond,
          serial_bayou_pond_c, minmay_three_crescents, uniq_natasha
D:3:      st_stairs_6, fedhas_altar_fruit_tree, uniq_iyjb
D:4:      temple_statues, minmay_quantized
D:5:      first_bread, uniq_edmund
D:6:      tgw_sif, uniq_menkaure
D:7:      uniq_crazy_yiuf_cottage, uniq_prince_ribbit1
D:8:      lemuel_crystal_altar, david_lair_generic, david_nohive_1
D:9:      kennysheep_little_box, nicolae_tso_besieged_by_evil,
          zombieorc1_lemuel, minmay_curled_crystal
D:10:     minmay_statue_hallways, dk_noncrumbling_3, minmay_statues_item
D:11:     lab_entry_generic, enter_trove_3
D:12:     nicolae_ru_awakened_eye, uniq_maurice
D:14:     david_vaults_2, serial_park_tiny_1, minmay_misc_feat_doors,
          fake_guardian_serpent_vault, uniq_kirke, uniq_frances
D:15:     hangedman_depths_entry_try_elsewhere_first, hangedman_decor_growths,
          serial_shops, shop_fountains, shop, shop,
          nicolae_shop_temple_entry_statues_fountains, minmay_gold_behind_fungi,
          hangedman_corner_corridor
Temple:   oiseaux_autumnal_temple_12
Lair:1:   grunt_megastairs_3
Lair:2:   hibernation_bobbens, infiniplex_staircase_pool_2, grunt_megastairs_2
Lair:3:   uniq_snorg
Lair:4:   minmay_swamp_entry_swarm, minmay_snake_entry_guardpost_large,
          lemuel_fruit_tree, uniq_nergalle
Lair:5:   infiniplex_staircase_pool
Lair:6:   serial_bayou_shore_b
Lair:8:   evil_forest, minmay_slime_entry_oklob_enclosed
Orc:1:    uniq_erica
Orc:3:    nicolae_orc_pool_cavern, hangedman_minor_magic
Orc:4:    pf_orc_diabolical, serial_shops, nicolae_shop_window_shopping
Elf:1:    eino_elf_arrival_shootout, hangedman_elf_disciples,
          nicolae_elf_big_sculpture_1, grunt_ministairs_6, uniq_nikola
Lab:      labyrinth_spiral, labyrinth_glass_2, labyrinth_lava_lair

Action                   |  1- 3 |  4- 6 |  7- 9 | 10-12 | 13-15 | 16-18 || total
-------------------------+-------+-------+-------+-------+-------+-------++-------
Melee: War axe           |    86 |   188 |   245 |   547 |  1312 |    68 ||  2446
       Flail             |       |    32 |       |       |       |       ||    32
       Executioner's axe |       |       |       |       |    10 |       ||    10
Invok: Heroism           |       |       |       |     3 |     6 |     1 ||    10
  Use: Scroll            |       |     4 |     9 |     8 |    13 |       ||    34
       Potion            |       |       |     2 |     4 |     6 |     3 ||    15
 Stab: Distracted        |       |     1 |       |       |       |       ||     1
  Eat: Chunk             |       |     7 |    11 |    16 |    34 |     1 ||    69
       Fruit             |       |       |     1 |     7 |    12 |       ||    20
